 Dungeon Crawl Stone Soup version 0.23.2-33-g5129a83184 (webtiles) character file.

Game seed: 5979085538302989898

112 Feetnoise the Chopper (level 4, -7/41 HPs)
             Began as a Hill Orc Berserker on June 28, 2019.
             Was a Believer of Trog.
             Mangled by Killmatronix's ghost (11 damage)
             ... on level 3 of the Dungeon.
             The game lasted 00:26:28 (3050 turns).

Feetnoise the Chopper (Hill Orc Berserker)          Turns: 3050, Time: 00:26:28

Health: -7/41      AC:  3    Str: 20    XL:     4   Next: 95%
Magic:  4/4        EV: 12    Int:  7    God:    Trog [**....]
Gold:   135        SH:  0    Dex: 10    Spells: 3/3 levels left

rFire    . . .     SeeInvis .   a - +1 hand axe
rCold    . . .     Gourm    .   (no shield)
rNeg     . . .     Faith    .   h - +0 leather armour
rPois    .         Spirit   .   (no helmet)
rElec    .         Reflect  .   e - scarf {repulsion}
rCorr    .         Harm     .   (no gloves)
MR       .....                  (no boots)
Stlth    +.........             (no amulet)
HPRegen  0.13/turn              (no ring)
MPRegen  0.09/turn              (no ring)

@: repel missiles
A: no striking features
a: Berserk, Trog's Hand, Renounce Religion


You were on level 3 of the Dungeon.
You worshipped Trog.
Trog was pleased with you.
You were not hungry.

You visited 1 branch of the dungeon, and saw 3 of its levels.

You collected 135 gold pieces.

Inventory:

Hand Weapons
 a - a +1 hand axe (weapon)
 f - a +0 hand axe
 t - a +0 hand axe
Missiles
 j - 48 arrows
 v - 4 tomahawks (quivered)
Armour
 b - a +0 animal skin
 e - a scarf of repulsion (worn)
 h - a +0 leather armour (worn)
 l - a +0 robe
 u - a +0 leather armour
Jewellery
 i - an uncursed ring of poison resistance
 n - a cursed -5 ring of intelligence
Scrolls
 g - 2 scrolls of amnesia {unknown}
 m - a scroll of fear {unknown}
 p - a scroll of identify
 q - a scroll of immolation {unknown}
Potions
 d - 3 potions of curing {unknown}
 k - a potion of haste {unknown}
 o - 2 potions of lignification {unknown}
 r - a potion of degeneration {unknown}
Comestibles
 c - 5 rations
 s - 3 chunks of flesh


   Skills:
 + Level 4.4 Fighting
 + Level 5.9 Axes
 + Level 2.5 Armour
 + Level 2.0 Dodging
 + Level 0.4 Stealth


You had 3 spell levels left.
You didn't know any spells.
Your spell library was empty.

Dungeon Overview and Level Annotations

Branches:
Dungeon (3/15)

Altars:

Annotations:
D:3 Killmatronix's ghost, amateur KoHu


Message History

Killmatronix's ghost is moderately damaged.
Killmatronix's ghost closely misses you.
You hit Killmatronix's ghost but do no damage.
Killmatronix's ghost is moderately damaged.
Killmatronix's ghost hits you but does no damage.
You barely miss Killmatronix's ghost.
Killmatronix's ghost is moderately damaged.
Killmatronix's ghost hits you.
You barely miss Killmatronix's ghost.
Killmatronix's ghost is moderately damaged.
Killmatronix's ghost hits you!
* * * LOW HITPOINT WARNING * * *
Some of the chunks of flesh in your inventory have rotted away.
You hit Killmatronix's ghost but do no damage.
Killmatronix's ghost is moderately damaged.
Killmatronix's ghost barely misses you.
You hit Killmatronix's ghost.
Killmatronix's ghost is heavily damaged.
Killmatronix's ghost hits you!
You die...

#........÷.)÷....
#........###.....
#........# #..<..
#........# #.....
#####......#
#.....
#P8P#......#
#.....
#.([#......#
#.....
##W##......#
#.....
#.@...######
##...## #####


You could see Killmatronix's ghost.

Vanquished Creatures
  A howler monkey (D:3)
  Robin (D:2)
  An adder (D:3)
  A dart slug (D:1)
  A leopard gecko (D:3)
  An orc (D:3)
  2 giant cockroaches
  7 goblins
  10 hobgoblins
  10 jackals
  2 kobolds (D:2)
  2 bats
  3 frilled lizards
  6 rats
48 creatures vanquished.

Notes
Turn   | Place    | Note
-------+----------+-------------------------------------------
     0 | D:1      | Feetnoise the Hill Orc Berserker began the quest for the
                  | Orb.
     0 | D:1      | Reached XP level 1. HP: 19/19 MP: 1/1
   162 | D:1      | Reached XP level 2. HP: 19/27 MP: 2/2
  1323 | D:2      | Reached XP level 3. HP: 33/33 MP: 3/3
  1803 | D:2      | Noticed Robin
  1813 | D:2      | Killed Robin
  1813 | D:2      | Reached ** piety under Trog
  1813 | D:2      | Reached skill level 5 in Axes
  2258 | D:3      | Reached XP level 4. HP: 22/41 MP: 4/4
  3022 | D:3      | Found a runed translucent door.
  3022 | D:3      | Noticed Killmatronix's ghost (amateur KoHu)
  3050 | D:3      | Mangled by Killmatronix's ghost

Skill      XL: |  1  2  3 |
---------------+----------+-----
Fighting       | 4 |  4.4
Axes           | 5 |  5.9
Dodging        | 2 |  2.0
Armour         | |  2.5
Stealth        | |  0.4

Action                   |  1- 3 |  4- 6 || total
-------------------------+-------+-------++-------
Melee: Hand axe          |   107 |    53 ||   160
  Use: Scroll            |     6 |       ||     6
  Eat: Ration            |     2 |       ||     2
Armor: Animal skin       |     7 |       ||     7
       Leather armour    |    18 |    12 ||    30
Dodge: Dodged            |    71 |    39 ||   110
       Deflected         |       |     1 ||     1
